 Dungeon Crawl Stone Soup version 0.26.1-11-gd32895ea62 (webtiles) character file.

Game seed: 9725471264239899686

7664 Gerhazo the Destroyer (level 10, -8/69 HPs)
             Began as a Yellow Draconian Conjurer on June 5, 2021.
             Was a Plaything of Xom.
             Killed by the air
             ... invoked by Gastronok
              (36 damage)
             ... on level 10 of the Dungeon.
             The game lasted 00:11:45 (11662 turns).

Gerhazo the Destroyer (Yellow Draconian Conjurer)  Turns: 11662, Time: 00:11:45

Health: -8/69      AC: 10    Str:  9    XL:     10   Next: 99%
Magic:  1/22       EV: 12    Int: 23    God:    Xom [....*.]
Gold:   434        SH:  0    Dex:  9    Spells: 23/26 levels left

rFire    . . .     SeeInvis +   m - +0 lajatang
rCold    . . .     Faith    .   (shield currently unavailable)
rNeg     . . .     Spirit   .   (armour unavailable)
rPois    .         Reflect  .   (helmet restricted)
rElec    .         Harm     .   u - +0 cloak
rCorr    +         Rampage  .   D - +0 pair of gloves
Will     .....     Rnd*Tele +   c - +0 pair of boots
Stlth    ++........             (no amulet)
HPRegen  0.21/turn              f - ring of see invisible
MPRegen  0.18/turn              M - ring of teleportation (curse)

@: short of breath
A: spit acid, unfitting armour, cold-blooded, acid resistance, AC +7
a: Breathe Acid, Renounce Religion


You were on level 10 of the Dungeon.
You worshipped Xom.
You were a beloved toy of Xom.
You visited 2 branches of the dungeon, and saw 11 of its levels.
You also visited: Sewer.

You collected 434 gold pieces.

Inventory:

Hand Weapons
 m - a +0 lajatang (weapon)
Armour
 c - a +0 pair of boots (worn)
 u - a +0 cloak (worn)
 D - a +0 pair of gloves (worn)
Jewellery
 f - a ring of see invisible (left hand)
 t - an uncursed ring of fire
 A - an uncursed ring of protection from fire
 L - an uncursed ring of magical power
 M - a cursed ring of teleportation (right hand)
Wands
 j - a wand of polymorph (4)
 x - a wand of digging (3)
 C - a wand of paralysis (20)
Scrolls
 d - 8 scrolls of remove curse {unknown}
 e - a scroll of blinking {unknown}
 g - 3 scrolls of magic mapping {unknown}
 h - 7 scrolls of teleportation {unknown}
 o - 6 scrolls of identify {unknown}
 q - 2 scrolls of amnesia {unknown}
 r - a scroll of fear {unknown}
 s - a scroll of immolation {unknown}
 y - a scroll of enchant armour {unknown}
 z - 2 scrolls of noise {unknown}
 E - a scroll of torment {unknown}
 I - 4 scrolls of random uselessness {unknown}
 K - 2 scrolls of fog {unknown}
Potions
 a - 8 potions of curing {unknown}
 b - 2 potions of lignification {unknown}
 i - a potion of mutation {unknown}
 k - 3 potions of invisibility
 l - 3 potions of brilliance {unknown}
 n - 3 potions of heal wounds {unknown}
 p - a potion of haste
 v - 2 potions of flight {unknown}
 w - a potion of magic {unknown}
 B - 2 potions of berserk rage {unknown}
 F - 2 potions of cancellation {unknown}
 G - a potion of might {unknown}
 H - a potion of ambrosia {unknown}
 J - a potion of resistance {unknown}


   Skills:
 - Level 1.7 Dodging
 - Level 1.7 Stealth
 + Level 8.6 Spellcasting
 + Level 11.8 Conjurations
 * Level 8.7 Fire Magic


You had 23 spell levels left.
You knew the following spells:

 Your Spells              Type           Power        Failure   Level
a - Magic Dart            Conj           100%         1%          1
b - Searing Ray           Conj           100%         1%          2

Your spell library contained the following spells:

 Spells                   Type           Power        Failure   Level
 Dazzling Flash           Conj/Hex       74%          1%          3
 Fulminant Prism          Conj/Hex       18%          5%          4
 Iskenderun's Mystic Bla  Conj/Tloc      37%          5%          4


Dungeon Overview and Level Annotations

Branches:
Dungeon (10/15)            Temple (1/1) D:7            Lair (0/6) D:9
  Sewer (visited)
    Orc: D:9-12

Altars:
Ashenzari
Cheibriados
Dithmenos
Elyvilon
Fedhas
Gozag
Hepliaklqana
Kikubaaqudgha
Makhleb
Nemelex Xobeh
Okawaru
Qazlal
Ru
Sif Muna
Trog
Uskayaw
Wu Jian
Xom
Yredelemnul
The Shining One

Shops:
D:10 }

Annotations:
D:10 Gastronok


Innate Abilities, Weirdness & Mutations

You can spit globs of acid.
Your golden yellow scales are hard. (AC +7)
You cannot fit into any form of body armour.
You are cold-blooded and may be slowed by cold attacks.
You are resistant to acid. (rCorr)


Message History

Aim: Gastronok, wearing a +0 hat of intelligence (severely wounded, covering ground quickly, covered in acid, 0% to evade)
The searing ray hits Gastronok!
Gastronok is severely wounded. (Press . to maintain the ray.) Gastronok is no longer covered in acid.
Gastronok bites you!!
Xom is highly amused!
Unknown command.
The searing ray hits Gastronok!
Gastronok is almost dead.
The searing ray hits Gastronok!
Gastronok is almost dead.
Gastronok misses you.
The searing ray hits Gastronok.
Gastronok is almost dead.
You finish channeling your searing ray.
Gastronok waves his eye-stalks in wide circles.
The air twists around and strikes you!!!
Ouch! That really hurt!
You die...
Xom laughs nastily!

.........................
#...##.#........(..>.....
#......##.#####...####### ..
)..##.# #...# #.##.##.# #...#
###.......# #...## .#####.####
#....# .......##
#....#######.## .####...##
#.@..##.?†....#
####.....######....w..####.....
#...........#.......# ###
##.....###..............
##...## #..........##... ##.##
#......(...# .∩. #.#
##.......#..< .. #[.
###.......#.. . #. #...###.#..


You could see Gastronok (swift).

Vanquished Creatures
  A dancing weapon (D:8)
  A two-headed ogre (D:8)
  The ghost of Xye the Destroyer, a novice DECj of Sif Muna (D:10)
  The ghost of PanSaczeczos the Cutter, a novice VSDe of Uskayaw (D:8)
  2 cyclopes
  A centaur zombie (D:8)
  Psyche (D:9)
  A wraith (D:10)
  A golden eye (shapeshifter) (D:8)
  Grum (D:8)
  Menkaure (D:4)
  A soldier ant (D:10)
  2 orc warriors
  A black bear (D:8)
  A phantom (D:8)
  2 ice beasts
  6 ogres
  2 wolves (D:8)
  2 centaurs
  3 big kobolds
  6 bullfrogs
  A scorpion (D:8)
  5 killer bees (D:10)
  3 wights (D:8)
  A howler monkey (D:7)
  4 hounds
  4 orc priests
  A bullfrog skeleton (D:7)
  6 orc wizards
  A centaur skeleton (D:9)
  Jessica (D:3)
  4 iguanas
  9 worker ants
  A killer bee zombie (D:9)
  A hound zombie (D:8)
  4 gnolls (D:7)
  4 adders
  A shadow imp (D:8)
  4 white imps
  An ooze (D:4)
  An adder zombie (D:4)
  2 adder skeletons
  3 leopard geckos
  29 orcs
  7 giant cockroaches
  4 goblins (D:1)
  7 hobgoblins
  11 jackals
  4 quokkas
  3 ball pythons
  4 bats
  7 frilled lizards
  A jackal zombie (D:6)
  17 kobolds
  A quokka zombie (D:5)
  12 rats
207 creatures vanquished.

Vanquished Creatures (collateral kills)
  A killer bee (D:10)
1 creature vanquished.

Grand Total: 208 creatures vanquished

Notes
Turn   | Place    | Note
-------+----------+-------------------------------------------
     0 | D:1      | Gerhazo the Draconian Conjurer began the quest for the Orb.
     0 | D:1      | Reached XP level 1. HP: 14/14 MP: 3/3
   640 | D:1      | Reached XP level 2. HP: 20/20 MP: 1/5
  1418 | D:1      | Reached XP level 3. HP: 26/26 MP: 3/6
  1774 | D:1      | Learned a level 2 spell: Searing Ray
  1964 | D:3      | Noticed Jessica
  2037 | D:3      | Killed Jessica
  2038 | D:3      | Reached skill level 5 in Conjurations
  2038 | D:3      | Reached XP level 4. HP: 33/33 MP: 3/8
  2101 | D:3      | Found a bloodstained altar of Trog.
  2398 | D:4      | Noticed Menkaure
  2403 | D:4      | Killed Menkaure
  2404 | D:4      | Reached skill level 6 in Conjurations
  2404 | D:4      | Reached XP level 5. HP: 38/38 MP: 1/10
  2509 | D:4      | Reached XP level 6. HP: 40/45 MP: 3/11
  2611 | D:4      | Found a sparkling altar of Nemelex Xobeh.
  2917 | D:4      | Reached skill level 7 in Conjurations
  3304 | D:4      | Your scales start taking on a golden yellow colour.
  3304 | D:4      | Reached XP level 7. HP: 23/50 MP: 2/13
  3304 | D:4      | Gained mutation: You are resistant to acid. (rCorr) [Yellow
                  | Draconian growth]
  3591 | D:5      | Entered Level 5 of the Dungeon
  5152 | D:6      | Found a sacrificial altar of Ru.
  5206 | D:6      | Reached skill level 8 in Conjurations
  5239 | D:6      | Found a glowing drain.
  5256 | Sewer    | Entered a sewer
  5409 | Sewer    | Reached skill level 5 in Spellcasting
  5487 | Sewer    | Found a white marble altar of Elyvilon.
  5711 | D:6      | Reached XP level 8. HP: 45/57 MP: 9/15
  5829 | D:6      | Reached skill level 9 in Conjurations
  6961 | D:7      | Found a staircase to the Ecumenical Temple.
  6964 | D:7      | Reached skill level 10 in Conjurations
  7023 | Temple   | Entered the Ecumenical Temple
  7349 | D:7      | Found a shadowy altar of Dithmenos.
  7356 | D:7      | Found a snail-covered altar of Cheibriados.
  7611 | D:8      | Reached XP level 9. HP: 46/62 MP: 4/18
  7774 | D:8      | Noticed Grum
  7777 | D:8      | Reached skill level 1 in Fire Magic
  7806 | D:8      | Killed Grum
  8601 | D:8      | Found a hide-covered altar of Uskayaw.
  8601 | D:8      | Found an iron altar of Okawaru.
  8726 | D:8      | Found a runed translucent door.
  8726 | D:8      | Found a shimmering altar of Xom.
  8726 | D:8      | Noticed PanSaczeczos's ghost (novice VSDe)
  8727 | D:8      | Noticed a +0 trident of chaos
  8727 | D:8      | Noticed a cyclops
  8770 | D:8      | Killed a cyclops
  8771 | D:8      | Reached skill level 11 in Conjurations
  8771 | D:8      | Reached skill level 5 in Fire Magic
  8944 | D:8      | Noticed a two-headed ogre
  8951 | D:8      | Killed a two-headed ogre
  8952 | D:8      | Reached XP level 10. HP: 38/69 MP: 12/21
  9512 | D:8      | Killed a +0 trident of chaos
  9517 | D:8      | Killed PanSaczeczos's ghost
  9648 | D:8      | Became a worshipper of Xom of Chaos
  9687 | D:9      | Noticed a cyclops
  9688 | D:9      | XOM: potion effect (curing)
  9694 | D:9      | Killed a cyclops
 10103 | D:9      | Noticed Psyche
 10110 | D:9      | Killed Psyche
 10514 | D:9      | Found a staircase to the Lair.
 10683 | D:10     | Entered Level 10 of the Dungeon
 10940 | D:10     | Found a large runed translucent door.
 10940 | D:10     | Found a large runed translucent door.
 10943 | D:10     | Noticed Xye's ghost (novice DECj)
 10962 | D:10     | XOM: cleaving
 10965 | D:10     | Killed Xye's ghost
 11028 | D:10     | XOM: summons 5 friendly demons
 11628 | D:10     | Found Puewann's Gadget Emporium.
 11639 | D:10     | Noticed Gastronok
 11652 | D:10     | XOM: god gift: scroll labelled OTUSSU MIRUT {god gift}
 11662 | D:10     | Killed from afar by Gastronok

Illustrated notes

Levels and vault maps discovered:
D:1:      wheals_arrival_shading, layout_basic
D:2:      layout_basic, lemuel_coloured_pillars_altar, xom_butterflies,
          grunt_ministairs_4, uniq_sigmund
D:3:      layout_basic, lightli_temple_of_fire, vehumet_crystals, uniq_jessica
D:4:      layout_cave_pools, nemelex_xobeh_ov_fountains_minmay,
          kennysheep_small_square, uniq_menkaure
D:5:      layout_layer_cave, minivault_25, minivault_14
D:6:      layout_rooms, nicolae_ru_the_path_less_chosen, portal_sewer_entry_a,
          kennysheep_potato
D:7:      layout_basic, minitemple, minmay_temple_entry_trees
D:8:      layout_gridville, gammafunk_temple_overflow_pools, ebering_ghost_xom,
          chequers_serial_rivers_micro_e, minmay_microvault, uniq_grum
D:9:      layout_rooms, dpeg_oklobed_lair, uniq_psyche
D:10:     layout_loops_cross, orc_0_dummy, ebering_ghost_disaster_area,
          serial_shops, nicolae_shop_stone, uniq_gastronok
Temple:   nicolae_temple_no_exploring_needed

Skill      XL: |  1  2  3  4  5  6  7  8  9 10 |
---------------+-------------------------------+-----
Conjurations   | 5 6 7 8 10 11 | 11.8
Spellcasting   | 3 4 5 6 7 8 |  8.6
Fire Magic     | 6 8 |  8.7
Dodging        | |  1.7
Stealth        | |  1.7

Action                   |  1- 3 |  4- 6 |  7- 9 | 10-12 || total
-------------------------+-------+-------+-------+-------++-------
Melee: Unarmed           |     8 |       |       |       ||     8
       Tailslap          |     1 |     3 |     2 |       ||     6
       Short sword       |    14 |       |       |       ||    14
       Lajatang          |       |    24 |    11 |     2 ||    37
 Cast: Magic Dart        |    61 |       |       |       ||    61
       Searing Ray       |     6 |    30 |    79 |    45 ||   160
 Abil: Breathe Acid      |       |       |     5 |     2 ||     7
Armor: Skin              |    12 |    12 |    47 |    34 ||   105
Dodge: Dodged            |    32 |    31 |    64 |    53 ||   180
